 Seeded DCSS version 0.30.1 (webtiles) character file.

Game seed: 7229806256980976716 (custom seed)

4 McKennaii the Chiller (level 1, 14/14 HPs)
             Began as a Demigod Ice Elementalist on July 13, 2023.
             Quit the game on level 1 of the Dungeon.
             The game lasted 00:00:31 (121 turns).

McKennaii the Chiller (Demigod Ice Elementalist)     Turns: 121, Time: 00:00:31

Health: 14/14      AC:  2    Str:  9    XL:     1   Next: 40%
Magic:  4/5        EV: 12    Int: 17    God:
Gold:   17         SH:  0    Dex: 14    Spells: 2/3 levels left

rFire   + + +        (no weapon)
rCold   + + .        (no shield)
rNeg    . . .        a - +0 robe
rPois   .            (no helmet)
rElec   .            (no cloak)
rCorr   .            (no gloves)
SInv    .            (no boots)
Will    .....        (no amulet)
Stlth   ++           g - ring "Wieghoe" {Wiz Drain rF+++ rC++}
HPRegen 0.22/turn    (no ring)
MPRegen 0.09/turn

%: wizardry (x1)
@: no status effects
A: high MP 1, forlorn, divine attributes
a: no special abilities


You were on level 1 of the Dungeon.
You visited 1 branch of the dungeon, and saw 1 of its levels.

You collected 17 gold pieces.

Inventory:

Missiles
 c - a throwing net
Armour
 a - a +0 robe (worn)
Jewellery
 g - the ring "Wieghoe" (left hand) {Wiz Drain rF+++ rC++}
   (You acquired it on level 1 of the Dungeon)

   [ring of wizardry]

   It improves your spell success rate.
   rF:        It renders you almost immune to fire.
   rC:        It greatly protects you from cold.
   Drain:     It drains your maximum health when unequipped.
Scrolls
 d - 2 scrolls of amnesia {unknown}
 e - a scroll of acquirement
 f - a scroll of teleportation {unknown}
Potions
 b - a potion of magic


   Skills:
 - Level 1.7 Dodging
 - Level 1.7 Stealth
 + Level 1.9 Spellcasting
 + Level 3.7 Ice Magic


You had 2 spell levels left.
You knew the following spells:

 Your Spells              Type           Power      Damage    Failure   Level
a - Freeze                Ice            56%        1d7       1%          1

Your spell library contained the following spells:

 Spells                   Type           Power      Damage    Failure   Level
 Frozen Ramparts          Ice            28%        1d5       5%          3
 Ozocubu's Armour         Ice            14%        N/A       5%          3
 Summon Ice Beast         Ice/Summ       8%         N/A       32%         4


Dungeon Overview and Level Annotations

Branches:
Dungeon (1/15)


Innate Abilities, Weirdness & Mutations

You have an increased reservoir of magic. (+10% MP)
You shall have no god before yourself.
Your divine heritage dramatically boosts your attributes as you level up.


Message History

Magic restored.
c - a throwing net You now have 17 gold pieces.
d - 2 scrolls labelled FUSKUR VIKLOEP A quokka comes into view.
You can't see any susceptible monsters within range! (Use Z to cast anyway.)
A quokka is nearby!
You can't see any susceptible monsters within range! (Use Z to cast anyway.)
A quokka is nearby!
You can't see any susceptible monsters within range! (Use Z to cast anyway.)
You can't see any susceptible monsters within range! (Use Z to cast anyway.)
You freeze the quokka.
You kill the quokka!
No target in view!
You can't see any susceptible monsters within range! (Use Z to cast anyway.) No target in view!
You can't see any susceptible monsters within range! (Use Z to cast anyway.) Magic restored.
Found 3 stones.
e - 3 scrolls labelled RAGIOR NADERHA You can't see any susceptible monsters within range! (Use Z to cast anyway.)
You see here 3 stones.
f - a scroll labelled WUBBUN RUOS You can't see any susceptible monsters within range! (Use Z to cast anyway.)
A giant cockroach comes into view.
You can't see any susceptible monsters within range! (Use Z to cast anyway.)
You can't see any susceptible monsters within range! (Use Z to cast anyway.) This is a scroll of acquirement!
Something appears at your feet!
g - the ring "Wieghoe" {Wiz Drain rF+++ rC++} Really put on
g - the ring "Wieghoe" {Wiz Drain rF+++ rC++}?
g - the ring "Wieghoe" (left hand) {Wiz Drain rF+++ rC++} You can't see any susceptible monsters within range! (Use Z to cast anyway.)
You can't see any susceptible monsters within range! (Use Z to cast anyway.)
The giant cockroach misses you.
You freeze the giant cockroach!
You kill the giant cockroach!
You can't see any susceptible monsters within range! (Use Z to cast anyway.)
Something appears at your feet!
Are you sure you want to abandon this character and quit the game? (Confirm with "yes".)

###########.
##♣..>..♣###
##.......###
##♣.⌠_⌠.♣##.
#####⌠#####.
###########
..############
......†....@.#
##.#########.#
######### #.#
#........ #.#
#.#######
#(#######.#
#.........#
###########


There were no monsters in sight!

Vanquished Creatures
  A giant cockroach (D:1)
  A hobgoblin (D:1)
  A quokka (D:1)
3 creatures vanquished.

Notes
Turn   | Place    | Note
-------+----------+-------------------------------------------
     0 | D:1      | McKennaii the Demigod Ice Elementalist began the quest for
                  | the Orb.
     0 | D:1      | Reached XP level 1. HP: 14/14 MP: 5/5
   109 | D:1      | Identified 3 scrolls of acquirement
   109 | D:1      | Acquired the ring "Wieghoe" {Wiz Drain rF+++ rC++}
   120 | D:1      | Acquired 1222 gold pieces
   121 | D:1      | Quit the game

Illustrated notes

Levels and vault maps discovered:
D:1:      spicycebolla_arrival_ecumenical, layout_loops_ring

Action                     || total
---------------------------++-------
   Cast: Freeze            ||     4
    Use: Scroll            ||     2
 Armour: Robe              ||     1
  Dodge: Dodged            ||     2
